SNL (28 & UNDER)
MEMPHIS BLUES @ GAINESVILLE GUIDOS
07/03/2023
 
TOP OF THE 1ST
Memphis Blues batting - Pitching for Gainesville Guidos : RHP Ronald Adams
Pitching: RHP Ronald Adams
Batting: RHB Jorge Fuentes 0-0: Ball
1-0: Ball
2-0: Called Strike
2-1: Swinging Strike
2-2: Strikes out swinging
Batting: RHB Dave Wookey 0-0: Ball
1-0: Foul Ball, location: 2F
1-1: Ground out 5-3 (Groundball, 56)
Batting: RHB Peyton Pennington 0-0: Fly out, F9 (Line Drive, 89S)
Top of the 1st over - 0 run(s), 0 hit(s), 0 error(s), 0 left on base; Memphis 0 - Gainesville 0
BOTTOM OF THE 1ST
Gainesville Guidos batting - Pitching for Memphis Blues : RHP Paul Lewis
Pitching: RHP Paul Lewis
Batting: SHB Reynaldo Gallegos 0-0: Called Strike
0-1: Swinging Strike
0-2: Fly out, F4 (Popup, 4MD)
Batting: RHB Victor Andrews 0-0: Swinging Strike
0-1: Ball
1-1: Ground out 5-3 (Groundball, 5S)
Batting: LHB David Murphy 0-0: Swinging Strike
0-1: Ball
1-1: Foul Ball, location: 2F
1-2: Ball
2-2: SINGLE (Line Drive, 34)
Batting: RHB José Fernández 0-0: Ball
1-0: Ball
2-0: Fielders Choice at 2nd, U6 (Groundball, 6M)
Bottom of the 1st over - 0 run(s), 1 hit(s), 0 error(s), 1 left on base; Memphis 0 - Gainesville 0
TOP OF THE 2ND
Memphis Blues batting - Pitching for Gainesville Guidos : RHP Ronald Adams
Batting: LHB Félix García 0-0: Swinging Strike
0-1: Ball
1-1: Foul Ball, location: 2F
1-2: Ball
2-2: Ball
3-2: Strikes out swinging
Batting: RHB Dave O'Neill 0-0: Called Strike
0-1: Ball
1-1: Called Strike
1-2: Strikes out swinging
Batting: RHB John Phillips 0-0: Called Strike
0-1: Ball
1-1: Called Strike
1-2: Foul Ball, location: 2F
1-2: Ball
2-2: Foul Ball, location: 2F
2-2: Strikes out swinging
Top of the 2nd over - 0 run(s), 0 hit(s), 0 error(s), 0 left on base; Memphis 0 - Gainesville 0
BOTTOM OF THE 2ND
Gainesville Guidos batting - Pitching for Memphis Blues : RHP Paul Lewis
Batting: LHB Ed Hart 0-0: Ball
1-0: Foul Ball, location: 2F
1-1: Swinging Strike
1-2: Foul Ball, location: 2F
1-2: SINGLE (Groundball, 23) (infield hit)
Batting: RHB Jason Saunders 0-0: Called Strike
0-1: Called Strike
0-2: Foul Ball, location: 2F
0-2: Foul Ball, location: 2F
0-2: Fly out, F3 (Popup, 3F)
Batting: RHB Noriyori Ine 0-0: Ball
1-0: Swinging Strike
1-1: Fielders Choice at 2nd, 5-4 (Groundball, 5)
Batting: LHB António Hernández 0-0: Ball
Noriyori Ine steals 2nd base
1-0: Ball
2-0: Called Strike
2-1: Ground out 3-1 (Groundball, 34)
Bottom of the 2nd over - 0 run(s), 1 hit(s), 0 error(s), 1 left on base; Memphis 0 - Gainesville 0
TOP OF THE 3RD
Memphis Blues batting - Pitching for Gainesville Guidos : RHP Ronald Adams
Batting: RHB Dale Taylor 0-0: Called Strike
0-1: Ball
1-1: Called Strike
1-2: Ball
2-2: Fly out, F3 (Popup, 34)
Batting: LHB Kieran Farris 0-0: Ball
1-0: Called Strike
1-1: Swinging Strike
1-2: Ball
2-2: Hit by Pitch
Batting: RHB Dale O'Feennaghty 0-0: Swinging Strike
0-1: Swinging Strike
0-2: Ball
1-2: SINGLE (Groundball, 34D)
Kieran Farris to second
Runner from 2nd tries for 3rd, SAFE, throw made to third
Batting: RHB Jorge Fuentes 0-0: Ball
1-0: Foul Ball, location: 2F
1-1: Foul Ball, location: 2F
1-2: Foul Ball, location: 2F
1-2: Ball
2-2: Ball
3-2: Fly out, F8 (Flyball, 8RS)
Batting: RHB Dave Wookey 0-0: Ball
1-0: Ball
2-0: Ball
3-0: Base on Balls
Dale O'Feennaghty to second
Batting: RHB Peyton Pennington 0-0: Ball
1-0: Fly out, F4 (Popup, 4)
Top of the 3rd over - 0 run(s), 1 hit(s), 0 error(s), 3 left on base; Memphis 0 - Gainesville 0
BOTTOM OF THE 3RD
Gainesville Guidos batting - Pitching for Memphis Blues : RHP Paul Lewis
Batting: RHB Iván Moreno 0-0: Ball
1-0: Foul Ball, location: 2F
1-1: Swinging Strike
1-2: Foul Ball, location: 2F
1-2: Ball
2-2: Ball
3-2: Strikes out swinging
Batting: SHB Reynaldo Gallegos 0-0: Ball
1-0: Called Strike
1-1: Fly out, F5 (Popup, 56S)
Batting: RHB Victor Andrews 0-0: Ball
1-0: Fly out, F9 (Flyball, 9M)
Bottom of the 3rd over - 0 run(s), 0 hit(s), 0 error(s), 0 left on base; Memphis 0 - Gainesville 0
TOP OF THE 4TH
Memphis Blues batting - Pitching for Gainesville Guidos : RHP Ronald Adams
Batting: LHB Félix García 0-0: Ground out 6-3 (Groundball, 6)
Batting: RHB Dave O'Neill 0-0: Called Strike
0-1: Swinging Strike
0-2: Foul Ball, location: 2F
0-2: Ball
1-2: Foul Ball, location: 2F
1-2: Foul Ball, location: 2F
1-2: Strikes out swinging
Batting: RHB John Phillips 0-0: Ball
1-0: Fly out, F8 (Flyball, 8LM)
Top of the 4th over - 0 run(s), 0 hit(s), 0 error(s), 0 left on base; Memphis 0 - Gainesville 0
BOTTOM OF THE 4TH
Gainesville Guidos batting - Pitching for Memphis Blues : RHP Paul Lewis
Batting: LHB David Murphy 0-0: Called Strike
0-1: Ball
1-1: Called Strike
1-2: Strikes out swinging
Batting: RHB José Fernández 0-0: Ball
1-0: Foul Ball, location: 2F
1-1: SINGLE (Groundball, 5L)
Batting: LHB Ed Hart 0-0: Ball
1-0: Ball
Wild Pitch!
José Fernández to second
2-0: Called Strike
2-1: Fly out, F6 (Popup, 5D)
Batting: RHB Jason Saunders 0-0: Called Strike
0-1: Ball
1-1: Ball
2-1: Ball
3-1: Swinging Strike
3-2: Foul Ball, location: 2F
3-2: Strikes out swinging
Bottom of the 4th over - 0 run(s), 1 hit(s), 0 error(s), 1 left on base; Memphis 0 - Gainesville 0
TOP OF THE 5TH
Memphis Blues batting - Pitching for Gainesville Guidos : RHP Ronald Adams
Batting: RHB Dale Taylor 0-0: Ball
1-0: Ball
2-0: Foul Ball, location: 2F
2-1: Ball
3-1: Base on Balls
Batting: LHB Kieran Farris 0-0: Ball
1-0: Foul Ball, location: 2F
1-1: Ball
2-1: Ball
3-1: Foul Ball, location: 2F
3-2: Base on Balls
Dale Taylor to second
Batting: RHB Dale O'Feennaghty 0-0: Foul Ball, location: 2F
0-1: Ball
1-1: Foul Ball, location: 2F
1-2: Fly out, F9 (Flyball, 9M)
Batting: RHB Jorge Fuentes 0-0: Ball
1-0: Foul Ball, location: 2F
1-1: Ball
2-1: Fielders Choice at 2nd, 4-6 (Groundball, 4)
Dale Taylor to third
Batting: RHB Dave Wookey 0-0: Ball
1-0: Foul Ball, location: 2F
1-1: Ball
2-1: Ball
3-1: Foul Ball, location: 2F
3-2: Strikes out swinging
Top of the 5th over - 0 run(s), 0 hit(s), 0 error(s), 2 left on base; Memphis 0 - Gainesville 0
BOTTOM OF THE 5TH
Gainesville Guidos batting - Pitching for Memphis Blues : RHP Paul Lewis
Batting: RHB Noriyori Ine 0-0: Called Strike
0-1: Ball
1-1: Ball
2-1: Ball
3-1: Foul Ball, location: 2F
3-2: Base on Balls
Batting: LHB António Hernández 0-0: Called Strike
0-1: Ball
1-1: Foul Ball, location: 2F
1-2: SINGLE (Line Drive, 89M)
Noriyori Ine to second
Batting: RHB Iván Moreno 0-0: Ball
1-0: Foul Ball, location: 2F
1-1: Ball
2-1: Foul Ball, location: 2F
2-2: SINGLE (Groundball, 6M)
Noriyori Ine to third
António Hernández to second
Runner from 3rd tries for Home, SAFE, no throw or cutoff
Batting: SHB Reynaldo Gallegos 0-0: Fly out, F7 (Flyball, 7S)
Batting: RHB Victor Andrews 0-0: Called Strike
0-1: Ball
1-1: SINGLE (Line Drive, 8LS)
António Hernández to third
Iván Moreno to second
Runner from 3rd tries for Home, SAFE, no throw or cutoff
Batting: LHB David Murphy 0-0: Ball
1-0: Ball
2-0: Foul Ball, location: 2F
2-1: Swinging Strike
2-2: Fielders Choice at 2nd, 1-4 (Groundball, 25)
Iván Moreno to third
Batting: RHB José Fernández 0-0: SINGLE (Groundball, 56D)
Iván Moreno scores
David Murphy to second
Batting: LHB Ed Hart 0-0: Ball
1-0: Foul Ball, location: 2F
1-1: Ball
2-1: Swinging Strike
2-2: Ball
3-2: Strikes out swinging
Bottom of the 5th over - 3 run(s), 4 hit(s), 0 error(s), 2 left on base; Memphis 0 - Gainesville 3
TOP OF THE 6TH
Memphis Blues batting - Pitching for Gainesville Guidos : RHP Ronald Adams
Batting: RHB Peyton Pennington 0-0: Foul Ball, location: 2F
0-1: Ground out 5-3 (Groundball, 56)
Batting: LHB Félix García 0-0: Called Strike
0-1: Ball
1-1: Swinging Strike
1-2: Ground out 3-1 (Groundball, 34S)
Batting: RHB Dave O'Neill 0-0: Ball
1-0: Ball
2-0: Ball
3-0: Called Strike
3-1: Called Strike
3-2: Strikes out looking
Top of the 6th over - 0 run(s), 0 hit(s), 0 error(s), 0 left on base; Memphis 0 - Gainesville 3
BOTTOM OF THE 6TH
Gainesville Guidos batting - Pitching for Memphis Blues : RHP Paul Lewis
Pitching: LHP Octávio Pérez
Batting: RHB Jason Saunders 0-0: Called Strike
0-1: Ball
1-1: Foul Ball, location: 2F
1-2: Ball
2-2: Strikes out looking
Batting: RHB Noriyori Ine 0-0: Ball
1-0: Swinging Strike
1-1: Foul Ball, location: 2F
1-2: Ground out 5-3 (Groundball, 5L)
Batting: LHB António Hernández 0-0: Fly out, F8 (Popup, 8LM)
Bottom of the 6th over - 0 run(s), 0 hit(s), 0 error(s), 0 left on base; Memphis 0 - Gainesville 3
TOP OF THE 7TH
Memphis Blues batting - Pitching for Gainesville Guidos : RHP Ronald Adams
Pitching: LHP Mike Scott
Batting: RHB John Phillips 0-0: Foul Ball, location: 2F
0-1: Ground out 6-3 (Groundball, 6)
Batting: RHB Dale Taylor 0-0: Called Strike
0-1: Foul Ball, location: 2F
0-2: Strikes out looking
Batting: LHB Kieran Farris 0-0: Called Strike
0-1: Foul Ball, location: 2F
0-2: Ball
1-2: Strikes out swinging
Top of the 7th over - 0 run(s), 0 hit(s), 0 error(s), 0 left on base; Memphis 0 - Gainesville 3
BOTTOM OF THE 7TH
Gainesville Guidos batting - Pitching for Memphis Blues : LHP Octávio Pérez
Batting: RHB Iván Moreno 0-0: Swinging Strike
0-1: Ground out 4-3 (Groundball, 4)
Batting: SHB Reynaldo Gallegos 0-0: Ball
1-0: Foul Ball, location: 2F
1-1: Foul Ball, location: 2F
1-2: Ball
2-2: Ball
3-2: Strikes out looking
Batting: RHB Victor Andrews 0-0: Ball
1-0: Called Strike
1-1: Ground out 6-3 (Groundball, 6S)
Bottom of the 7th over - 0 run(s), 0 hit(s), 0 error(s), 0 left on base; Memphis 0 - Gainesville 3
TOP OF THE 8TH
Memphis Blues batting - Pitching for Gainesville Guidos : LHP Mike Scott
Now at 3B: Fernando Mendoza
Batting: RHB Dale O'Feennaghty 0-0: Called Strike
0-1: SINGLE (Groundball, 56)
Pitching: RHP Lance Sanders
Batting: RHB Jorge Fuentes 0-0: Ball
1-0: Fly out, F9 (Flyball, 89D)
Batting: RHB Dave Wookey 0-0: Swinging Strike
0-1: Ball
1-1: Swinging Strike
1-2: Strikes out swinging
Batting: RHB Peyton Pennington 0-0: Ground out 6-3 (Groundball, 56)
Top of the 8th over - 0 run(s), 1 hit(s), 0 error(s), 1 left on base; Memphis 0 - Gainesville 3
BOTTOM OF THE 8TH
Gainesville Guidos batting - Pitching for Memphis Blues : LHP Octávio Pérez
Batting: LHB David Murphy 0-0: Called Strike
0-1: Ball
1-1: Ball
2-1: Ball
3-1: Foul Ball, location: 2F
3-2: Strikes out swinging
Pitching: RHP Lorenzo Diéguez
Batting: RHB José Fernández 0-0: Ground out 6-3 (Groundball, 6)
Batting: LHB Ed Hart 0-0: Ball
1-0: Ball
2-0: Ball
3-0: Base on Balls
Batting: RHB Jason Saunders 0-0: Ball
1-0: Ball
2-0: Called Strike
2-1: SINGLE (Line Drive, 56D)
Ed Hart to second
Batting: RHB Noriyori Ine 0-0: Fly out, F7 (Flyball, 78D)
Bottom of the 8th over - 0 run(s), 1 hit(s), 0 error(s), 2 left on base; Memphis 0 - Gainesville 3
TOP OF THE 9TH
Memphis Blues batting - Pitching for Gainesville Guidos : RHP Lance Sanders
Pitching: LHP Luis López
Now at 1B: Marcos Villarreal
Now at 2B: José Ortega
Batting: LHB Félix García 0-0: Called Strike
0-1: Ball
1-1: Ball
2-1: Swinging Strike
2-2: Foul Ball, location: 2F
2-2: Strikes out swinging
Batting: RHB Dave O'Neill 0-0: Ground out 5-3 (Groundball, 56S)
Batting: RHB John Phillips 0-0: Ball
1-0: Foul Ball, location: 2F
1-1: Called Strike
1-2: Ground out 6-3 (Groundball, 6M)
Top of the 9th over - 0 run(s), 0 hit(s), 0 error(s), 0 left on base; Memphis 0 - Gainesville 3
This league is powered by Out of the Park Baseball, the baseball management simulation game for PC, Mac and Linux
Wednesday, December 2nd, 2015 - OOTP Baseball 16.8 Build 38